 Dungeon Crawl Stone Soup version 0.31.0-10-gcf4a605ca0 (webtiles) character file.

Game seed: 10560138284048405654

73835 Minsecho the Bludgeoner (level 15, -11/148 HPs)
             Began as a Gargoyle Fighter on Jan 20, 2024.
             Was a High Priest of Trog.
             Killed by divine providence
             ... invoked by an orc high priest
              (15 damage)
             ... on level 2 of the Orcish Mines on Jan 26, 2024.
             The game lasted 01:20:14 (24586 turns).

Minsecho the Bludgeoner (Gargoyle Fighter)         Turns: 24586, Time: 01:20:15

Health: -11/148    AC: 38    Str: 24    XL:     15   Next: 44%
Magic:  16/16      EV: 12    Int:  8    God:    Trog [*****.]
Gold:   1439       SH: 13    Dex: 22    Spells: 16/16 levels left

rFire   + . .        M - +0 morningstar
rCold   . . .        c - +0 buckler
rNeg    + . .        u - +1 chain mail {Will+}
rPois   ∞            b - +0 helmet
rElec   +            R - +2 cloak
rCorr   .            J - +1 pair of gloves {Dex+3}
SInv    .            U - +0 pair of boots
Will    +++++        k - amulet of reflection Stlth
                     D - ring of willpower
HPRegen 1.44/turn    I - +6 ring of dexterity
MPRegen 0.15/turn

%: reflection
@: berserking (expiring), strong-willed, flying, regenerating, very quick
A: sickness immunity, AC +11, big wings, negative energy resistance 1,
electricity resistance, torment resistance 1, petrification resistance,
iridescent scales 2, fire resistance 1, mutation resistance 1
a: Renounce Religion, Berserk, Trog's Hand, Brothers in Arms


You were on level 2 of the Orcish Mines.
You worshipped Trog.
Trog was extremely pleased with you.
You visited 4 branches of the dungeon, and saw 21 of its levels.
You also visited: Ossuary.

You collected 2166 gold pieces.
You spent 727 gold pieces at shops.

Inventory:

Hand Weapons
 y - a +3 hand axe of freezing
 M - a +0 morningstar (weapon)
Armour
 b - a +0 helmet (worn)
 c - a +0 buckler (worn)
 u - a +1 chain mail of willpower (worn)
 J - a +1 pair of gloves of dexterity (worn)
 R - a +2 cloak (worn)
 U - a +0 pair of boots (worn)
Jewellery
 k - an amulet of reflection (around neck)
 p - a ring of fire
 C - an amulet of the acrobat
 D - a ring of willpower (left hand)
 E - a ring of fire
 H - a ring of flight
 I - a +6 ring of dexterity (right hand)
 L - a ring of see invisible
 S - an amulet of guardian spirit
 X - a ring of fire
Talismans
 Q - a dragon-blood talisman
Wands
 e - a wand of flame (16)
 q - a wand of digging (6)
 r - a wand of iceblast (4)
 F - a wand of mindburst (11)
Scrolls
 h - 3 scrolls of immolation
 i - a scroll of amnesia {unknown}
 j - 3 scrolls of teleportation
 n - 5 scrolls of revelation {unknown}
 o - 3 scrolls of poison {unknown}
 t - 2 scrolls of silence {unknown}
 z - a scroll of enchant weapon {unknown}
 A - 2 scrolls of brand weapon {unknown}
 B - 3 scrolls of vulnerability {unknown}
 G - 4 scrolls of fog {unknown}
 K - 3 scrolls of blinking {unknown}
 W - a scroll of enchant armour {unknown}
 Y - a scroll of identify
Potions
 f - 5 potions of attraction
 g - 3 potions of cancellation
 l - 3 potions of degeneration {unknown}
 m - 3 potions of mutation
 s - 6 potions of enlightenment
 v - 3 potions of brilliance
 x - 2 potions of ambrosia
 N - a potion of lignification {unknown}
 O - a potion of invisibility {unknown}
 P - 2 potions of resistance
 T - a potion of might
 V - a potion of magic {unknown}
Miscellaneous
 a - a lightning rod (4/4)


   Skills:
 * Level 13.5 Fighting
 - Level 16.0 Maces & Flails
 + Level 13.3 Armour
 + Level 5.6 Dodging
 + Level 4.0 Stealth
 + Level 12.7 Shields
 - Level 1.0 Spellcasting
 * Level 4.3 Evocations


You had 16 spell levels left.
You didn't know any spells.
Your spell library contained the following spells:

 Spells                   Type           Power      Damage    Failure   Level
 Magic Dart               Conj           0%         1d3       86%         1
 Searing Ray              Conj           0%         2d4       94%         2
 Stone Arrow              Conj/Erth      0%         3d7       99%         3
 Fulminant Prism          Conj/Alch      0%         3d5       100%        4
 Lehudib's Crystal Spear  Conj/Erth      0%         10d2      100%        8


Dungeon Overview and Level Annotations

Branches:
Dungeon (13/15)            Temple (1/1) D:6            Lair (5/5) D:9
  Swamp (0/4) Lair:3        Snake (0/4) Lair:2        Slime (0/5) Lair:4
    Orc (2/2) D:10            Elf (0/3) Orc:2       Ossuary (visited)
 Vaults: D:13-14

Altars:
Ashenzari
Cheibriados
Dithmenos
Elyvilon
Gozag
Hepliaklqana
Kikubaaqudgha
Makhleb
Nemelex Xobeh
Okawaru
Ru
Sif Muna
Trog
Uskayaw
Vehumet
Wu Jian
Xom
Yredelemnul
Zin
The Shining One

Shops:
D:2 [   D:6 =   D:10 =[!(   Orc:2 =(

Annotations:
D:2 exclusion: downstairs
Orc:2 2 transporters, mycrawlcharacter's ghost, journeyman MiBe


Innate Abilities, Weirdness & Mutations

You are immune to sickness and miasma.
Your stone body is resilient. (AC +11)
You are immune to poison.
Your large and strong wings let you fly.
You resist negative energy. (rN+)
You are resistant to electric shocks. (rElec)
You are resistant to unholy torment.
You are immune to petrification.
You are mostly covered in iridescent scales. (AC +4)
Your flesh is heat resistant. (rF+)
You are somewhat resistant to further mutation.


Message History

You hit the orc high priest but do no damage.
The orc high priest is heavily wounded.
The sixfirhy hits you!
* * * LOW HITPOINT WARNING * * *
The sixfirhy shocks you. You resist.
* * * LOW HITPOINT WARNING * * *
The rust devil completely misses you.
You barely miss the orc high priest.
The orc high priest is heavily wounded.
You block the orc priest's attack.
The orc high priest hits you with a +0 long sword.
* * * LOW HITPOINT WARNING * * *
You block the orc priest's attack.
The orc priest looks satisfied for a moment.
You impale the orc high priest!!
You kill the orc high priest!
Trog accepts your kill.
The chaos spawn degenerates into a cloud of primal chaos!
The rust devil disappears in a puff of smoke!
The sixfirhy disappears in a puff of smoke!
You impale the orc priest!!
You feel the power of Trog in you as your rage grows.
You kill the orc priest!
Trog accepts your kill. You block the orc priest's attack.
The orc priest mumbles some strange prayers to Beogh against you.
Beogh smites you!
* * * LOW HITPOINT WARNING * * *
You puncture the orc priest!
The orc priest is almost dead.
You bludgeon the orc priest!!
You kill the orc priest!
Trog accepts your kill. You block the orc high priest's attack.
You barely miss the orc high priest. You bludgeon the orc high priest!!
The orc high priest is severely wounded.
The orc high priest mumbles some strange prayers to Beogh against you.
Beogh smites you!
You die...

............[...................#
............)............#.......
#####.###.###.#######............
#.# #.# #)# ..∩#....#......#
#.###.###.# ...#..##........
#3........# o3.#...........#
#'###o###.###.# oo.#...........#
o...53# #.# #.###o###..[.)#......
...84o# #.# #...@)o.....)).......
..o..5# #.# #..)o).............#.
......###o###..##'###...)......##
........o)$[[..# ...#....#..#.#.#
#.###.#######..# ...#....###.....
#. #.# #..# ..∩#......##.#.# #.
.#######..######.......##...
......................###..
.................#....###..


You could see an orc high priest, a smoke demon (summoned), 3 orc priests and 2
orcs.

Vanquished Creatures
  Kirke (Lair:3)
  Josephine (D:10)
  3 hydras
  4 boulder beetles
  Erica (D:10)
  The ghost of Zirtrex the Fighter, a journeyman GrBe of Trog (D:9)
  9 two-headed ogres
  A hell hog (Lair:5)
  5 orc high priests (Orc:2)
  11 death yaks
  A skyshark (Lair:4)
  A glowing orange brain (D:9)
  2 deep elf pyromancers
  6 orc sorcerers (Orc:2)
  A salamander (shapeshifter) (D:9)
  3 manticores (D:11)
  2 cyclopes (D:11)
  7 ugly things
  An oklob plant (Lair:5)
  5 elephants (Lair:4)
  8 cane toads
  6 black mambas
  3 gargoyles
  A kobold demonologist (D:11)
  2 unseen horrors
  5 komodo dragons
  9 rime drakes
  Maggie (Lair:1)
  Psyche (D:10)
  11 polar bears
  2 trolls
  3 hornets
  10 blink frogs
  A raiju (Lair:5)
  Sigmund (D:5)
  2 spriggans (shapeshifter) (D:9)
  A spriggan (Lair:3)
  6 wraiths
  A shadow (D:11)
  9 wyverns
  A vampire (D:10)
  8 basilisks
  35 yaks
  Grum (Lair:1)
  13 wargs
  A steam dragon (D:7)
  3 neqoxecs (D:9)
  8 nagas (Lair:2)
  An acid dragon (D:11)
  14 hell hounds (Lair:5)
  11 water moccasins
  2 sky beasts
  10 orc warriors
  15 black bears
  An ice beast (D:7)
  36 wolves
  5 ogres
  5 centaurs
  A phantom (D:6)
  A brain worm (shapeshifter) (D:9)
  Blork the orc (D:5)
  14 bullfrogs
  A scorpion (D:6)
  11 wights
  10 killer bees
  16 howler monkeys
  A bombardier beetle (D:5)
  A lava snake (Lair:2)
  3 jellies
  12 orc priests
  A hound (D:5)
  20 orc wizards
  8 hell rats (Lair:4)
  2 iguanas
  8 mummies (Ossuary)
  5 adders
  A shadow imp (D:7)
  2 ufetubi (D:6)
  2 dart slugs
  7 ribbon worms
  45 orcs
  7 ball pythons
  11 bats
  9 endoplasms
  3 giant cockroaches
  A gnoll zombie (Ossuary)
  6 hobgoblins
  10 jackals
  8 kobolds
  2 quokkas
  A frilled lizard (D:3)
  9 goblins
  A hobgoblin zombie (Ossuary)
  5 kobold zombies (Ossuary)
  An orc zombie (Ossuary)
  7 rats
573 creatures vanquished.

Vanquished Creatures (others)
  4 humans (Lair:3)
  A bullfrog (Lair:3)
  3 orc wizards (Orc:2)
8 creatures vanquished.

Grand Total: 581 creatures vanquished

Notes
Turn   | Place    | Note
-------+----------+-------------------------------------------
     0 | D:1      | Minsecho the Gargoyle Fighter began the quest for the Orb.
     0 | D:1      | Reached XP level 1. HP: 14/14 MP: 1/1
   121 | D:1      | Reached XP level 2. HP: 19/19 MP: 2/2
   309 | D:1      | Reached XP level 3. HP: 22/23 MP: 3/3
   354 | D:1      | Got Sif Muna's Precepts of Violence
   630 | D:2      | Noticed an ogre
   860 | D:2      | Found Agufrel's Armour Emporium.
   911 | D:2      | Reached XP level 4. HP: 27/28 MP: 4/4
  1021 | D:1      | Reached skill level 3 in Maces & Flails
  1218 | D:2      | Gained mutation: Your body sometimes deteriorates upon
                  | taking damage. [potion of mutation]
  1218 | D:2      | Gained mutation: You are weak. (Str -2) [potion of
                  | mutation]
  1218 | D:2      | Gained mutation: Your body often deteriorates upon taking
                  | damage. [potion of mutation]
  1218 | D:2      | Gained mutation: Your flesh is cold resistant. (rC+)
                  | [potion of mutation]
  1479 | D:3      | Reached skill level 1 in Spellcasting
  1485 | D:3      | Found a faded altar of an unknown god.
  1490 | D:3      | Found a shadowy altar of Dithmenos.
  1509 | D:3      | Upgraded the game from 0.31.0 to 0.31.0-4-g52a2dc7128
  1585 | D:3      | Lost mutation: Your body often deteriorates upon taking
                  | damage. [potion of mutation]
  1585 | D:3      | Lost mutation: Your flesh is cold resistant. (rC+) [potion
                  | of mutation]
  1585 | D:3      | Gained mutation: Your flesh is heat resistant. (rF+)
                  | [potion of mutation]
  1585 | D:3      | Gained mutation: Your large and strong wings let you fly.
                  | [potion of mutation]
  1585 | D:3      | Gained mutation: You possess an exceptional clarity of
                  | mind. [potion of mutation]
  1644 | D:3      | Found a hide-covered altar of Uskayaw.
  1866 | D:3      | Reached XP level 5. HP: 31/33 MP: 6/6
  2199 | D:3      | Found a white marble altar of Elyvilon.
  2694 | D:4      | Found a sand-covered staircase.
  2699 | Ossuary  | Entered an ossuary
  2864 | Ossuary  | Reached skill level 4 in Maces & Flails
  2875 | Ossuary  | Reached XP level 6. HP: 38/38 MP: 7/7
  2889 | Ossuary  | Lost mutation: You are weak. (Str -2) [potion of mutation]
  2889 | Ossuary  | Lost mutation: Your body sometimes deteriorates upon taking
                  | damage. [potion of mutation]
  2889 | Ossuary  | Lost mutation: Your flesh is heat resistant. (rF+) [potion
                  | of mutation]
  2889 | Ossuary  | Lost mutation: You possess an exceptional clarity of mind.
                  | [potion of mutation]
  3336 | D:2      | Bought a +1 chain mail of willpower for 165 gold pieces
  3811 | D:4      | Reached skill level 5 in Maces & Flails
  3811 | D:4      | Reached skill level 1 in Dodging
  4088 | D:5      | Entered Level 5 of the Dungeon
  4090 | D:5      | Noticed an orc warrior
  4100 | D:4      | Reached XP level 7. HP: 38/43 MP: 8/8
  4460 | D:5      | Noticed Blork the orc
  4473 | D:5      | Killed Blork the orc
  4560 | D:5      | Noticed Sigmund
  4571 | D:5      | Killed Sigmund
  4572 | D:5      | Reached skill level 5 in Armour
  4777 | D:5      | Noticed a steam dragon
  4893 | D:5      | Reached skill level 6 in Maces & Flails
  4899 | D:5      | Reached XP level 8. HP: 48/48 MP: 9/9
  5012 | D:5      | Reached skill level 5 in Shields
  5261 | D:6      | Found Oqif Alu's Jewellery Shop.
  5374 | D:6      | Reached skill level 5 in Fighting
  5387 | D:6      | Noticed a hornet
  5411 | D:6      | Killed a hornet
  5550 | D:6      | Reached skill level 7 in Maces & Flails
  5663 | D:6      | Found a staircase to the Ecumenical Temple.
  5798 | Temple   | Entered the Ecumenical Temple
  6102 | Temple   | Became a worshipper of Trog the Wrathful
  6197 | D:6      | Reached XP level 9. HP: 38/54 MP: 10/10
  6255 | D:7      | Found a shimmering altar of Xom.
  6313 | D:7      | Reached skill level 8 in Maces & Flails
  6354 | D:7      | Found a shimmering altar of Xom.
  6355 | D:7      | Found a shimmering altar of Xom.
  6356 | D:7      | Found a shimmering altar of Xom.
  6866 | D:7      | Found an iron altar of Okawaru.
  7511 | D:8      | Reached skill level 9 in Maces & Flails
  7761 | D:8      | Noticed a two-headed ogre
  7775 | D:8      | Killed a two-headed ogre
  7776 | D:8      | Reached XP level 10. HP: 59/60 MP: 11/11
  7834 | D:8      | Noticed a two-headed ogre
  7849 | D:8      | Killed a two-headed ogre
  8034 | D:8      | Reached skill level 1 in Stealth
  8173 | D:8      | Reached * piety under Trog
  8174 | D:8      | Reached skill level 10 in Maces & Flails
  8297 | D:8      | Found a sacrificial altar of Ru.
  8626 | D:9      | Found a runed translucent gate.
  8626 | D:9      | Found a runed translucent gate.
  8626 | D:9      | Found a runed translucent gate.
  8626 | D:9      | Noticed a red ugly thing
  8626 | D:9      | Noticed a glowing orange brain
  8627 | D:9      | Noticed a red ugly thing
  8627 | D:9      | Noticed a white ugly thing
  8627 | D:9      | Noticed a cyan ugly thing
  8627 | D:9      | Noticed a purple ugly thing
  8778 | D:9      | Found a staircase to the Lair.
  8958 | D:9      | Reached skill level 1 in Evocations
  8958 | D:9      | Reached XP level 11. HP: 46/66 MP: 12/12
  9193 | D:9      | Noticed a two-headed ogre
  9207 | D:9      | Killed a two-headed ogre
  9747 | D:9      | Found a sparkling altar of Nemelex Xobeh.
  9748 | D:9      | Lost mutation: Your large and strong wings let you fly.
                  | [potion of mutation]
  9748 | D:9      | Gained mutation: You are partially covered in iridescent
                  | scales. (AC +2) [potion of mutation]
  9748 | D:9      | Gained mutation: You have sharp toenails. [potion of
                  | mutation]
  9886 | D:10     | Entered Level 10 of the Dungeon
  9886 | D:10     | Noticed Josephine
  9927 | D:9      | Reached skill level 11 in Maces & Flails
 10005 | D:10     | Killed Josephine
 10105 | D:10     | Found a staircase to the Orcish Mines.
 10142 | D:10     | Reached ** piety under Trog
 10333 | D:10     | Found Kucu's Distillery.
 10381 | D:10     | Noticed Erica
 10384 | D:10     | Upgraded the game from 0.31.0-4-g52a2dc7128 to
                  | 0.31.0-10-gcf4a605ca0
 10400 | D:10     | Killed Erica
 10742 | D:10     | Found Qeecs's Weapon Shoppe.
 10806 | D:10     | Found Umonwoy's Antique Armour Boutique.
 10894 | D:6      | Bought a +6 ring of dexterity for 360 gold pieces
 11009 | D:10     | Bought a pair of glowing gloves for 202 gold pieces
 11039 | D:10     | Noticed Psyche
 11045 | D:10     | Killed Psyche
 11046 | D:10     | Reached skill level 10 in Armour
 11101 | D:10     | Found Yratuamn's Jewellery Shop.
 11671 | D:11     | Noticed a two-headed ogre
 11679 | D:11     | Noticed a two-headed ogre
 11708 | D:11     | Noticed a two-headed ogre
 11725 | D:11     | Killed a two-headed ogre
 11888 | D:11     | Noticed a two-headed ogre
 11905 | D:11     | Killed a two-headed ogre
 12183 | D:11     | Noticed a sun demon
 12193 | D:11     | Noticed a boulder beetle
 12196 | D:11     | Killed a two-headed ogre
 12197 | D:11     | Reached XP level 12. HP: 72/72 MP: 13/13
 12207 | D:11     | Killed a boulder beetle
 12210 | D:11     | Reached skill level 12 in Maces & Flails
 12241 | D:11     | Noticed a two-headed ogre
 12252 | D:11     | Killed a two-headed ogre
 12529 | D:11     | Killed a two-headed ogre
 12807 | D:11     | Reached skill level 10 in Shields
 12807 | D:11     | Noticed a boulder beetle
 12833 | D:11     | Killed a boulder beetle
 12833 | D:11     | Reached *** piety under Trog
 12834 | D:11     | Reached skill level 13 in Maces & Flails
 13256 | D:12     | Noticed a boulder beetle
 13398 | D:12     | Killed a boulder beetle
 13552 | D:12     | Noticed a two-headed ogre
 13560 | D:12     | Killed a two-headed ogre
 13593 | D:12     | Reached XP level 13. HP: 56/80 MP: 14/14
 14534 | D:9      | Found a runed translucent gate.
 14534 | D:9      | Found a runed translucent gate.
 14538 | D:9      | Noticed Zirtrex's ghost (journeyman GrBe)
 14539 | D:9      | Found a runed translucent gate.
 14933 | D:9      | Gained mutation: Armour fits poorly on your strangely
                  | shaped body. [a neqoxec]
 14933 | D:9      | Gained mutation: You are vulnerable to cold. (rC-) [a
                  | neqoxec]
 14941 | D:9      | Reached skill level 14 in Maces & Flails
 14979 | D:9      | Killed Zirtrex's ghost
 15012 | D:9      | Lost mutation: You have sharp toenails. [potion of
                  | mutation]
 15012 | D:9      | Lost mutation: You are vulnerable to cold. (rC-) [potion of
                  | mutation]
 15012 | D:9      | Lost mutation: Armour fits poorly on your strangely shaped
                  | body. [potion of mutation]
 15012 | D:9      | Gained mutation: Your flesh is heat resistant. (rF+)
                  | [potion of mutation]
 15012 | D:9      | Gained mutation: You are mostly covered in iridescent
                  | scales. (AC +4) [potion of mutation]
 15012 | D:9      | Gained mutation: You are somewhat resistant to further
                  | mutation. [potion of mutation]
 15370 | Lair:1   | Entered Level 1 of the Lair of Beasts
 15370 | Lair:1   | Noticed Grum
 15401 | Lair:1   | Killed Grum
 15639 | Lair:1   | Noticed Maggie
 15650 | Lair:1   | Killed Maggie
 16243 | Lair:2   | Reached skill level 10 in Fighting
 16605 | Lair:2   | Found a staircase to the Snake Pit.
 17225 | Lair:3   | Noticed Kirke
 17241 | Lair:3   | Killed Kirke
 17253 | Lair:3   | Reached **** piety under Trog
 18131 | Lair:3   | Gained mutation: Your large and strong wings let you fly.
                  | [Gargoyle growth]
 18131 | Lair:3   | Reached XP level 14. HP: 81/88 MP: 15/15
 18201 | Lair:3   | Found a staircase to the Swamp.
 18936 | Lair:4   | Reached skill level 15 in Maces & Flails
 19995 | Lair:4   | Found a staircase to the Slime Pits.
 20449 | Lair:5   | Entered Level 5 of the Lair of Beasts
 20586 | Lair:5   | Reached ***** piety under Trog
 20668 | Lair:5   | Reached skill level 5 in Dodging
 22039 | Lair:5   | Received a gift from Trog
 22321 | Lair:1   | Reached XP level 15. HP: 76/97 MP: 16/16
 22839 | Lair:1   | Reached skill level 16 in Maces & Flails
 23185 | Orc:1    | Entered Level 1 of the Orcish Mines
 23506 | Orc:2    | Entered Level 2 of the Orcish Mines
 23617 | Orc:2    | Found a staircase to the Elven Halls.
 23856 | Orc:2    | Found a transporter.
 23860 | Orc:2    | Noticed mycrawlcharacter's ghost (journeyman MiBe)
 23863 | Orc:2    | Found a transporter.
 23868 | Orc:2    | Found a bloodstained altar of Trog.
 24232 | Orc:2    | Received a gift from Trog
 24554 | Orc:2    | Found Qatoi's Antique Weapon Boutique.
 24563 | Orc:2    | Found Igofe's Jewellery Shop.
 24582 | Orc:2    | HP: 1/148 [orc priest/divine providence (12)]
 24586 | Orc:2    | Killed from afar by an orc high priest

Illustrated notes

Levels and vault maps discovered:
D:1:      spicycebolla_arrival_ecumenical, layout_rooms
D:2:      layout_loops_ring, serial_shops, nicolae_shop_behind_doors,
          minmay_mini_jars
D:3:      layout_basic, mainiacjoe_overflow_tiny_flanked,
          mainiacjoe_overflow_24_doors, nicolae_overflow_ecumenical_swirl
D:4:      layout_basic, enter_ossuary_5, minivault_1,
          minmay_misc_feat_more_columns
D:5:      nicolae_cairo_tiling_large, layout_basic,
          grunt_temple_overflow_forces_of_nature, uniq_blork_the_orc,
          uniq_sigmund
D:6:      layout_gridville, temple_pool_b, serial_shops, shop, serial_glass,
          glass_columns_b, glass_columns_c
D:7:      layout_loops_corners, xom_redecorated, okawaru_metal_pillars_3
D:8:      layout_loops_ring, nicolae_ru_path_of_blood, small_statue_intersection
D:9:      layout_irregular_city, nemelex_altar_shiori, minmay_lair_entry_grove,
          ploomutoo_gammafunk_ghost_potion_laboratory,
          chequers_serial_rivers_micro_d, kennysheep_generic_room_5
D:10:     layout_layer_cave, david_orc_3, serial_shops,
          nicolae_shop_temple_entry_statues_fountains,
          nicolae_shop_gibbet_a_chance, shop_statue, shop, uniq_psyche,
          uniq_erica, uniq_josephine
D:11:     cheibrodos_ideogram_h, layout_rooms
D:12:     layout_rooms
D:13:     layout_stronghold, hellmonk_vaults_keyhole, elyvilon_altar_1,
          uniq_snorg
Temple:   oiseaux_autumnal_temple
Lair:1:   layout_cellular_growth, nicolae_lair_grazing_beasts
          [nicolae_sub_lair_graze_edge, nicolae_sub_lair_graze_edge,
          nicolae_sub_lair_graze_edge, nicolae_sub_lair_graze_edge], uniq_grum,
          uniq_maggie
Lair:2:   layout_gridlike, minmay_snake_entry_guardpost_large,
          grunt_megastairs_2, lemuel_fruit_fields, serial_bayou_shore_b
Lair:3:   layout_hall_layers, swamp_mist, grunt_forest_stairs_clearing,
          lemuel_fruit_fields, uniq_kirke
Lair:4:   layout_roguey [special_room_mythical_zoo], slime_entry_1
Lair:5:   hangedman_lair_caniforms_friends, layout_gridlike
Orc:1:    layout_diamond_mine
Orc:2:    st_orc_town, layout_caves, gammafunk_ghost_wrathful_warriors

Skill      XL: |  1  2  3  4  5  6  7  8  9 10 11 12 13 14 15 |
---------------+----------------------------------------------+-----
Maces & Flails | 3 4 5 6 7 9 10 11 13 14 15 16 | 16.0
Spellcasting   | 1 |  1.0
Armour         | 4 5 6 7 9 10 11 12 13 | 13.3
Shields        | 4 6 7 8 9 10 11 12 | 12.7
Fighting       | 4 5 6 7 9 10 12 13 | 13.5
Dodging        | 1 2 3 4 5 |  5.6
Stealth        | 2 3 4 |  4.0
Evocations     | 1 2 3 4 |  4.3

Action                     |  1- 3 |  4- 6 |  7- 9 | 10-12 | 13-15 || total
---------------------------+-------+-------+-------+-------+-------++-------
  Melee: Flail             |   138 |   248 |   387 |   437 |       ||  1210
         Kick              |       |       |       |   145 |    56 ||   201
         Morningstar       |       |       |       |   221 |  1755 ||  1976
 Invoke: Berserk           |       |       |       |     7 |    16 ||    23
         Trog's Hand       |       |       |       |       |    12 ||    12
         Brothers in Arms  |       |       |       |       |     2 ||     2
  Evoke: Wand              |       |       |     2 |    17 |     9 ||    28
    Use: Scroll            |     1 |     6 |     3 |     1 |    11 ||    22
         Potion            |       |     7 |     9 |     7 |     7 ||    30
   Stab: Invisible         |       |       |       |    11 |     1 ||    12
         Distracted        |       |       |       |       |     1 ||     1
 Armour: Scale mail        |   108 |   130 |       |       |       ||   238
         Chain mail        |       |    10 |   278 |   550 |  1445 ||  2283
  Dodge: Dodged            |    72 |    83 |   114 |   334 |  1028 ||  1631
  Block: Buckler           |    37 |    79 |   211 |   221 |   831 ||  1379
         Reflection        |       |     2 |     1 |     1 |     6 ||    10
